Workbook

Sheet ВЕРЕСЕНЬ
D1: Додаток 1 до рішення Київської міської ради від 18 грудня 2025 року №313/10780 (в редакції рішення Київської міської ради від________________ №______________ )
A2: Доходи бюджету міста Києва на 2026 рік
B3: 2600000000
B4: (код бюджету) | F4: грн
A5: Код | B5: Найменування згідно з класифікацією доходів бюджету | C5: Всього | D5: Загальний фонд | E5: Спеціальний фонд
E6: Всього | F6: в т.ч. бюджет розвитку | G6: ЗФ | H6: СФ
A7: 10000000 | B7: Податкові надходження | C7: =C8+C11+C16+C21+C36 -> 103715973100 | D7: =D8+D11+D16+D21+D36 -> 103582089100 | E7: =E8+E11+E16+E21+E36 -> 133884000 | F7: =F8+F11+F16+F21 -> 0 | G7: =D7-[1]рішення!D7 -> 3698647700 | H7: =D7-'[1]рішення (книга)'!D7 -> 8836997700
A8: 11000000 | B8: Податки на доходи, податки на прибуток, податки на збільшення ринкової вартості | C8: =C9+C10 -> 67856040700 | D8: =D9+D10 -> 67856040700 | E8: =E9+E10 -> 0 | F8: =F9+F10 -> 0 | G8: =D8-[1]рішення!D8 -> 3889747700 | H8: =D8-'[1]рішення (книга)'!D8 -> 5889747700
A9: 11010000 | B9: Податок та збір на доходи фізичних осіб | C9: =D9+E9 -> 51869430900 | D9: =51869430900 -> 51869430900 | G9: =D9-[1]рішення!D9 -> 0 | H9: =D9-'[1]рішення (книга)'!D9 -> 0
A10: 11020000 | B10: Податок на прибуток підприємств | C10: =D10+E10 -> 15986609800 | D10: =10096862100+2000000000+3889747700 -> 15986609800 | G10: =D10-[1]рішення!D10 -> 3889747700 | H10: =D10-'[1]рішення (книга)'!D10 -> 5889747700
A11: 13000000 | B11: Рентна плата та плата за використання інших природних ресурсів | C11: =C12+C13+C15+C14 -> 68784000 | D11: =D12+D13+D15+D14 -> 68784000 | E11: =E12+E13+E15 -> 0 | F11: =F12+F13+F15 -> 0 | G11: =D11-[1]рішення!D11 -> 0 | H11: =D11-'[1]рішення (книга)'!D11 -> 0
A12: 13020000 | B12: Рентна плата за спеціальне використання води | C12: =D12+E12 -> 50250000 | D12: 50250000 | G12: =D12-[1]рішення!D12 -> 0 | H12: =D12-'[1]рішення (книга)'!D12 -> 0
A13: 13030000 | B13: Рентна плата за користування надрами загальнодержавного значення | C13: =D13+E13 -> 7010000 | D13: 7010000 | G13: =D13-[1]рішення!D13 -> 0 | H13: =D13-'[1]рішення (книга)'!D13 -> 0
A14: 13040000 | B14: Рентна плата за користування надрами місцевого значення | C14: =D14+E14 -> 10760000 | D14: 10760000 | G14: =D14-[1]рішення!D14 -> 0 | H14: =D14-'[1]рішення (книга)'!D14 -> 0
A15: 13070000 | B15: Плата за використання інших природних ресурсів | C15: =D15+E15 -> 764000 | D15: 764000 | G15: =D15-[1]рішення!D15 -> 0 | H15: =D15-'[1]рішення (книга)'!D15 -> 0
A16: 14000000 | B16: Внутрішні податки на товари та послуги | C16: =D16 -> 6428544100 | D16: =D20+D18+D17+D19 -> 6428544100 | E16: =E20 -> 0 | F16: =F20 -> 0 | G16: =D16-[1]рішення!D16 -> 0 | H16: =D16-'[1]рішення (книга)'!D16 -> 0
A17: 14021900 | B17: Акцизний податок з вироблених в Україні підакцизних товарів (пальне) | C17: =D17 -> 206637500 | D17: 206637500 | G17: =D17-[1]рішення!D17 -> 0 | H17: =D17-'[1]рішення (книга)'!D17 -> 0
A18: 14031900 | B18: Акцизний податок з ввезених на митну територію України підакцизних товарів (пальне) | C18: =D18 -> 1867200000 | D18: 1867200000 | G18: =D18-[1]рішення!D18 -> 0 | H18: =D18-'[1]рішення (книга)'!D18 -> 0
A19: 14040100 | B19: Акцизний податок з реалізації виробниками та/або імпортерами, у тому числі в роздрібній торгівлі тютюнових виробів, тютюну та промислових замінників тютюну, рідин, що використовуються в електронних сигаретах, що оподатковується згідно з підпунктом 213.1.14 пункту 213.1 статті 213 Податкового кодексу України | C19: =D19 -> 2355239400 | D19: 2355239400 | G19: =D19-[1]рішення!D19 -> 0 | H19: =D19-'[1]рішення (книга)'!D19 -> 0
A20: 14040200 | B20: Акцизний податок з реалізації суб'єктами господарювання роздрібної торгівлі підакцизних товарів (крім тих, що оподатковуються згідно з підпунктом 213.1.14 пункту 213.1 статті 213 Податкового кодексу України) | C20: =D20+E20 -> 1999467200 | D20: 1999467200 | G20: =D20-[1]рішення!D20 -> 0 | H20: =D20-'[1]рішення (книга)'!D20 -> 0
A21: 18000000 | B21: Місцеві податки | C21: =D21 -> 29228720300 | D21: =D22+D33+D34+D35 -> 29228720300 | E21: =E22+E27+E28+E29+E30+E31+E32+E33+E34+E35 -> 0 | F21: =F22+F27+F28+F29+F30+F31+F32+F33+F34+F35 -> 0 | G21: =D21-[1]рішення!D21 -> -191100000 | H21: =D21-'[1]рішення (книга)'!D21 -> 2947250000
A22: 18010000 | B22: Податок на майно | C22: =D22 -> 12385520300 | D22: =D23+D24+D25+D26+D27+D28+D29+D30+D31+D32 -> 12385520300 | E22: =E27+E28+E29+E30+E31+E32 -> 0 | F22: =F27+F28+F29+F30+F31+F32 -> 0 | G22: =D22-[1]рішення!D22 -> -191100000 | H22: =D22-'[1]рішення (книга)'!D22 -> 2947250000
A23: 18010100 | B23: Податок на нерухоме майно, відмінне від земельної ділянки, сплачений юридичними особами, які є власниками об`єктів житлової нерухомості | C23: =D23 -> 135000000 | D23: 135000000 | G23: =D23-[1]рішення!D23 -> 0 | H23: =D23-'[1]рішення (книга)'!D23 -> 0
A24: 18010200 | B24: Податок на нерухоме майно, відмінне від земельної ділянки, сплачений фізичними особами, які є власниками об`єктів житлової нерухомості | C24: =D24 -> 610000000 | D24: =510000000+100000000 -> 610000000 | G24: =D24-[1]рішення!D24 -> 100000000 | H24: =D24-'[1]рішення (книга)'!D24 -> 100000000
A25: 18010300 | B25: Податок на нерухоме майно, відмінне від земельної ділянки, сплачений фізичними особами, які є власниками об`єктів нежитлової нерухомості | C25: =D25 -> 280000000 | D25: 280000000 | G25: =D25-[1]рішення!D25 -> 0 | H25: =D25-'[1]рішення (книга)'!D25 -> 0
A26: 18010400 | B26: Податок на нерухоме майно, відмінне від земельної ділянки, сплачений юридичними особами, які є власниками об`єктів нежитлової нерухомості | C26: =D26 -> 1530646400 | D26: =1630646400-100000000 -> 1530646400 | G26: =D26-[1]рішення!D26 -> -100000000 | H26: =D26-'[1]рішення (книга)'!D26 -> -100000000
A27: 18010500 | B27: Земельний податок з юридичних осіб | C27: =D27 -> 1989963400 | D27: 1989963400 | G27: =D27-[1]рішення!D27 -> 0 | H27: =D27-'[1]рішення (книга)'!D27 -> 0
A28: 18010600 | B28: Орендна плата з юридичних осіб | C28: =D28 -> 7681866600 | D28: =4734616600+(3988350000-650000000-200000000)-191100000 -> 7681866600 | G28: =D28-[1]рішення!D28 -> -191100000 | H28: =D28-'[1]рішення (книга)'!D28 -> 2947250000
A29: 18010700 | B29: Земельний податок з фізичних осіб | C29: =D29 -> 39510000 | D29: 39510000 | G29: =D29-[1]рішення!D29 -> 0 | H29: =D29-'[1]рішення (книга)'!D29 -> 0
A30: 18010900 | B30: Орендна плата з фізичних осіб | C30: =D30 -> 48433900 | D30: 48433900 | G30: =D30-[1]рішення!D30 -> 0 | H30: =D30-'[1]рішення (книга)'!D30 -> 0
A31: 18011000 | B31: Транспортний податок з фізичних осіб | C31: =D31 -> 39000000 | D31: 39000000 | G31: =D31-[1]рішення!D31 -> 0 | H31: =D31-'[1]рішення (книга)'!D31 -> 0
A32: 18011100 | B32: Транспортний податок з юридичних осіб | C32: =D32 -> 31100000 | D32: 31100000 | G32: =D32-[1]рішення!D32 -> 0 | H32: =D32-'[1]рішення (книга)'!D32 -> 0
A33: 18020000 | B33: Збір за місця для паркування транспортних засобів | C33: =D33+E33 -> 0 | G33: =D33-[1]рішення!D33 -> 0 | H33: =D33-'[1]рішення (книга)'!D33 -> 0
A34: 18030000 | B34: Туристичний збір | C34: =D34+E34 -> 68200000 | D34: 68200000 | G34: =D34-[1]рішення!D34 -> 0 | H34: =D34-'[1]рішення (книга)'!D34 -> 0
A35: 18050000 | B35: Єдиний податок | C35: =D35+E35 -> 16775000000 | D35: 16775000000 | G35: =D35-[1]рішення!D35 -> 0 | H35: =D35-'[1]рішення (книга)'!D35 -> 0
A36: 19000000 | B36: Інші податки та збори | C36: =C37 -> 133884000 | D36: =D37 -> 0 | E36: =E37 -> 133884000 | F36: =F37 -> 0 | G36: =D36-[1]рішення!D36 -> 0 | H36: =D36-'[1]рішення (книга)'!D36 -> 0
A37: 19010000 | B37: Екологічний податок | C37: =D37+E37 -> 133884000 | E37: 133884000 | G37: =D37-[1]рішення!D37 -> 0 | H37: =D37-'[1]рішення (книга)'!D37 -> 0
A38: 20000000 | B38: Неподаткові надходження | C38: =C39+C49+C56+C61+C47 -> 4041128300 | D38: =D39+D49+D56 -> 1109989900 | E38: =E39+E49+E56+E61+E47 -> 2931138400 | F38: =F39+F49+F56+F61 -> 100000000 | G38: =D38-[1]рішення!D38 -> 191100000 | H38: =D38-'[1]рішення (книга)'!D38 -> 191100000
A39: 21000000 | B39: Доходи від власності та підприємницької діяльності | C39: =+C40+C41+C42 -> 238100000 | D39: =+D42+D40 -> 238100000 | E39: =+E41+E42+E44+E45 -> 0 | F39: =+F41+F42+F44+F45 -> 0 | G39: =D39-[1]рішення!D39 -> 16100000 | H39: =D39-'[1]рішення (книга)'!D39 -> 16100000
A40: 21010300 | B40: Частина чистого прибутку (доходу) комунальних унітарних підприємств та їх об'єднань, що вилучається до відповідного місцевого бюджету | C40: =D40 -> 18000000 | D40: =20000000-2000000 -> 18000000 | G40: =D40-[1]рішення!D40 -> -2000000 | H40: =D40-'[1]рішення (книга)'!D40 -> -2000000
A41: 21010800 | B41: Дивіденди (дохід), нараховані на акції (частки, паї) господарських товариств, у статутних капіталах яких є майно Автономної Республіки Крим, комунальна власність | C41: =D41+E41 -> 0 | G41: =D41-[1]рішення!D41 -> 0 | H41: =D41-'[1]рішення (книга)'!D41 -> 0
A42: 21080000 | B42: Інші надходження | C42: =D42+E42 -> 220100000 | D42: =D44+D45+D46+D43+D48 -> 220100000 | G42: =D42-[1]рішення!D42 -> 18100000 | H42: =D42-'[1]рішення (книга)'!D42 -> 18100000
A43: 21080500 | B43: Інші надходження | C43: =D43+E43 -> 7400000 | D43: 7400000 | G43: =D43-[1]рішення!D43 -> 7400000 | H43: =D43-'[1]рішення (книга)'!D43 -> 7400000
A44: 21080600 | B44: Суми, стягнені з винних осіб, за шкоду, заподіяну державі, підприємству, установі, організації | C44: =D44+E44 -> 1500000 | D44: 1500000 | G44: =D44-[1]рішення!D44 -> 1500000 | H44: =D44-'[1]рішення (книга)'!D44 -> 1500000
A45: 21081100 | B45: Адміністративні штрафи та інші санкції | C45: =D45+E45 -> 200000000 | D45: 200000000 | G45: =D45-[1]рішення!D45 -> 0 | H45: =D45-'[1]рішення (книга)'!D45 -> 0
A46: 21081500 | B46: Штрафні санкції, що застосовуються відповідно до Закону України "Про державне регулювання виробництва і обігу спирту етилового, спиртових дистилятів, біоетанолу, алкогольних напоїв, тютюнових виробів, тютюнової сировини, рідин, що використовуються в електронних сигаретах, та пального" | C46: =D46+E46 -> 8500000 | D46: =1000000+7500000 -> 8500000 | G46: =D46-[1]рішення!D46 -> 7500000 | H46: =D46-'[1]рішення (книга)'!D46 -> 7500000
A47: 21110000 | B47: Надходження коштів від відшкодування втрат сільськогосподарського і лісогосподарського виробництва | C47: =D47+E47 -> 0 | G47: =D47-[1]рішення!D47 -> 0 | H47: =D47-'[1]рішення (книга)'!D47 -> 0
A48: 21081800 | B48: Адміністративні штрафи за адміністративні правопорушення у сфері забезпечення безпеки дорожнього руху, зафіксовані в автоматичному режимі | C48: =D48+E48 -> 2700000 | D48: =1000000+1700000 -> 2700000 | G48: =D48-[1]рішення!D48 -> 1700000 | H48: =D48-'[1]рішення (книга)'!D48 -> 1700000
A49: 22000000 | B49: Адміністративні збори та платежі, доходи від некомерційної господарської діяльності | C49: =C50+C53+C55+C51+C52 -> 695889900 | D49: =D50+D53+D55+D51+D52 -> 695889900 | E49: =E50+E53+E55 -> 0 | F49: =F50+F53+F55 -> 0 | G49: =D49-[1]рішення!D49 -> 0 | H49: =D49-'[1]рішення (книга)'!D49 -> 0
A50: 22010000 | B50: Плата за надання адміністративних послуг | C50: =D50+E50 -> 563489900 | D50: 563489900 | G50: =D50-[1]рішення!D50 -> 0 | H50: =D50-'[1]рішення (книга)'!D50 -> 0
A51: 22020100 | B51: Плата за ліцензії на провадження діяльності з організації та проведення азартних ігор у гральних закладах казино | C51: =D51+E51 -> 0 | G51: =D51-[1]рішення!D51 -> 0 | H51: =D51-'[1]рішення (книга)'!D51 -> 0
A52: 22020400 | B52: Плата за ліцензії на провадження діяльності з організації та проведення азартних ігор у залах гральних автоматів | C52: =D52+E52 -> 0 | G52: =D52-[1]рішення!D52 -> 0 | H52: =D52-'[1]рішення (книга)'!D52 -> 0
A53: 22080000 | B53: Надходження від орендної плати за користування цілісним майновим комплексом та іншим державним майном | C53: =C54 -> 87400000 | D53: =D54 -> 87400000 | E53: =E54 -> 0 | F53: =F54 -> 0 | G53: =D53-[1]рішення!D53 -> 0 | H53: =D53-'[1]рішення (книга)'!D53 -> 0
A54: 22080400 | B54: Надходження від орендної плати за користування цілісним майновим комплексом та іншим майном, що перебуває в комунальній власності | C54: =D54+E54 -> 87400000 | D54: 87400000 | G54: =D54-[1]рішення!D54 -> 0 | H54: =D54-'[1]рішення (книга)'!D54 -> 0
A55: 22090000 | B55: Державне мито | C55: =D55+E55 -> 45000000 | D55: 45000000 | G55: =D55-[1]рішення!D55 -> 0 | H55: =D55-'[1]рішення (книга)'!D55 -> 0
A56: 24000000 | B56: Інші неподаткові надходження | C56: =+C57+C58+C59+C60 -> 276000000 | D56: =+D57+D59+D60 -> 176000000 | E56: =+E57+E58+E59+E60 -> 100000000 | F56: =+F57+F59+F60 -> 100000000 | G56: =D56-[1]рішення!D56 -> 175000000 | H56: =D56-'[1]рішення (книга)'!D56 -> 175000000
A57: 24060300 | B57: Інші надходження | C57: =D57+E57 -> 176000000 | D57: =1000000+175000000 -> 176000000 | G57: =D57-[1]рішення!D57 -> 175000000 | H57: =D57-'[1]рішення (книга)'!D57 -> 175000000
A58: 24061600 | B58: Інші надходження до фондів охорони навколишнього прриродного середовища | C58: =E58 -> 0 | G58: =D58-[1]рішення!D58 -> 0 | H58: =D58-'[1]рішення (книга)'!D58 -> 0
A59: 24062100 | B59: Грошові стягнення за шкоду, заподіяну порушенням законодавства про охорону навколишнього природного середовища внаслідок господарської та іншої діяльності | C59: =D59+E59 -> 0 | G59: =D59-[1]рішення!D59 -> 0 | H59: =D59-'[1]рішення (книга)'!D59 -> 0
A60: 24170000 | B60: Надходження коштів пайової участі у розвитку інфраструктури населеного пункту | C60: =D60+E60 -> 100000000 | E60: =60000000+40000000 -> 100000000 | F60: =E60 -> 100000000 | G60: =D60-[1]рішення!D60 -> 0 | H60: =E60-[1]лютий!E60 -> 100000000
A61: 25000000 | B61: Власні надходження бюджетних установ | C61: =C62+C63 -> 2831138400 | D61: =D62+D63 -> 0 | E61: =E62+E63 -> 2831138400 | F61: =F62+F63 -> 0 | G61: =D61-[1]рішення!D61 -> 0 | H61: =E61-[1]лютий!E61 -> 61987080
A62: 25010000 | B62: Надходження від плати за послуги, що надаються бюджетними установами згідно із законодавством | C62: =D62+E62 -> 2756751900 | E62: =2694764820+61987080 -> 2756751900 | G62: =D62-[1]рішення!D62 -> 0 | H62: =E62-[1]лютий!E62 -> 61987080
A63: 25020000 | B63: Інші джерела власних надходжень бюджетних установ | C63: =D63+E63 -> 74386500 | E63: 74386500 | G63: =D63-[1]рішення!D63 -> 0 | H63: =E63-[1]лютий!E63 -> 0
A64: 30000000 | B64: Доходи від операцій з капіталом | C64: =C65+C69 -> 1817574208 | D64: =D65+D69 -> 0 | E64: =E65+E69 -> 1817574208 | F64: =F65+F69 -> 1817574208 | G64: =D64-[1]рішення!D64 -> 0 | H64: =E64-[1]лютий!E64 -> 0
A65: 31000000 | B65: Надходження від продажу основного капіталу | C65: =C66+C68+C67 -> 507574208 | D65: =D66+D68+D67 -> 0 | E65: =E66+E68 -> 507574208 | F65: =F66+F68 -> 507574208 | G65: =D65-[1]рішення!D65 -> 0 | H65: =E65-[1]лютий!E65 -> 0
A66: 31010200 | B66: Надходження коштів від реалізації безхазяйного майна, знахідок, спадкового майна, майна, одержаного територіальною громадою в порядку спадкування чи дарування, а також валютні цінності і грошові кошти, власники яких невідомі | C66: =D66+E66 -> 0 | G66: =D66-[1]рішення!D66 -> 0 | H66: =E66-[1]лютий!E66 -> 0
A67: 31020000 | B67: Надходження коштів від Державного фонду дорогоцінних металів і дорогоцінного каміння | C67: =D67 -> 0 | G67: =D67-[1]рішення!D67 -> 0 | H67: =E67-[1]лютий!E67 -> 0
A68: 31030000 | B68: Кошти від відчуження майна, що належить Автономній Республіці Крим та майна, що перебуває в комунальній власності | C68: =D68+E68 -> 507574208 | E68: =F68 -> 507574208 | F68: =100000000+407574208 -> 507574208 | G68: =D68-[1]рішення!D68 -> 0 | H68: =E68-[1]лютий!E68 -> 0
A69: 33000000 | B69: Кошти від продажу землі і нематеріальних активів | C69: =E69 -> 1310000000 | D69: =D70 -> 0 | E69: =F69 -> 1310000000 | F69: =F70 -> 1310000000 | G69: =D69-[1]рішення!D69 -> 0 | H69: =E69-[1]лютий!E69 -> 0
A70: 33010000 | B70: Кошти від продажу землі | C70: =D70+E70 -> 1310000000 | E70: =F70 -> 1310000000 | F70: =160000000+1150000000 -> 1310000000 | G70: =D70-[1]рішення!D70 -> 0 | H70: =E70-[1]лютий!E70 -> 0
A71: 50000000 | B71: Цільові фонди | C71: =D71+E71 -> 332974067 | D71: =D72 -> 0 | E71: =E72 -> 332974067 | F71: =F72 -> 0 | G71: =D71-[1]рішення!D71 -> 0 | H71: =E71-[1]лютий!E71 -> -6643371
A72: 50110000 | B72: Цільові фонди, утворені Верховною Радою Автономної Республіки Крим, органами місцевого самоврядування та місцевими органами виконавчої влади | C72: =D72+E72 -> 332974067 | D72: =D73+D74+D75+D78 -> 0 | E72: =E73+E74+E75+E78+E77+E76 -> 332974067 | F72: =F73+F74+F75+F78 -> 0 | G72: =D72-[1]рішення!D72 -> 0 | H72: =E72-[1]лютий!E72 -> -6643371
A73: 50110002 | B73: Кошти, що надходять відповідно до умов інвестиційних угод та аукціонів | C73: =D73+E73 -> 33000000 | E73: =9000000+24000000 -> 33000000 | G73: =D73-[1]рішення!D73 -> 0 | H73: =E73-[1]лютий!E73 -> 24000000
A74: 50110004 | B74: Кошти пайової участі (внеску) власників тимчасових споруд торговельного, побутового, соціально-культурного чи іншого призначення для здійснення підприємницької діяльності, засобів пересувної дрібнороздрібної торговельної мережі в утриманні об’єктів благоустрою | C74: =D74+E74 -> 23000000 | E74: 23000000 | G74: =D74-[1]рішення!D74 -> 0 | H74: =E74-[1]лютий!E74 -> 0
A75: 50110005 | B75: Кошти від плати за право тимчасового використання місць (для розташування об’єктів зовнішньої реклами), які перебувають у комунальній власності територіальної громади м. Києва та від плати за розміщення реклами на транспорті комунальної власності | C75: =D75+E75 -> 210697138 | E75: 210697138 | G75: =D75-[1]рішення!D75 -> 0 | H75: =E75-[1]лютий!E75 -> 0
A76: 50110006 | B76: Кошти, що надходять від сплати за договорами щодо розміщення засобів пересувної дрібнороздрібної торговельної мережі та об'єктів сезонної дрібнороздрібної торговельної мережі | C76: =E76 -> 120300 | E76: 120300 | G76: =D76-[1]рішення!D76 -> 0 | H76: =E76-[1]лютий!E76 -> 0
A77: 50110007 | B77: Кошти від плати за місця для паркування транспорних засобів | C77: =D77+E77 -> 40356629 | E77: =80000000-39643371 -> 40356629 | G77: =D77-[1]рішення!D77 -> 0 | H77: =E77-[1]лютий!E77 -> -39643371
A78: 50110009 | B78: Кошти відновної вартості зелених насаджень, що підлягають видаленню на території міста Києва | C78: =D78+E78 -> 25800000 | E78: =16800000+9000000 -> 25800000 | G78: =D78-[1]рішення!D78 -> 0 | H78: =E78-[1]лютий!E78 -> 9000000
B79: Усього доходів (без урахування міжбюджетних трансфертів) | C79: =C7+C38+C64+C71 -> 109907649675 | D79: =D7+D38+D64+D71 -> 104692079000 | E79: =E7+E38+E64+E71 -> 5215570675 | F79: =F7+F38+F64+F71 -> 1917574208 | G79: =D79-[1]рішення!D79 -> 3889747700 | H79: =E79-[1]лютий!E79 -> 155343709
A80: 40000000 | B80: Офіційні трансферти | C80: =D80+E80 -> 12119998738 | D80: =D81 -> 12064880338 | E80: =E81+E98 -> 55118400 | G80: =D80-[1]рішення!D80 -> 4921888938
A81: 41000000 | B81: Від органів державного управління | C81: =D81+E81 -> 12088798738 | D81: =D82 -> 12064880338 | E81: =E82 -> 23918400 | G81: =D81-[1]рішення!D81 -> 4921888938
A82: 41030000 | B82: Субвенції з державного бюджету місцевим бюджетам | C82: =D82+E82 -> 12088798738 | D82: =D83+D84+D85+D87+D90+D92+D93+D94+D95+D96+D97+D91 -> 12064880338 | E82: =E83+E84+E85+E87+E90+E92+E93+E94+E95+E96+E97+E91 -> 23918400 | G82: =D82-[1]рішення!D82 -> 4921888938
A83: 41031100 | B83: Субвенція з державного бюджету місцевим бюджетам на забезпечення харчуванням учнів закладів загальної середньої освіти | C83: =D83+E83 -> 1070564300 | D83: =357463800+713100500 -> 1070564300 | G83: =D83-[1]рішення!D83 -> 1070564300
A84: 41033000 | B84: Субвенція з державного бюджету місцевим бюджетам на здіснення підтримки окремих закладів та заходів у системі охорони здоров`я | C84: =D84+E84 -> 106175000 | D84: =106894900-719900 -> 106175000 | G84: =D84-[1]рішення!D84 -> 106175000
A85: 41033600 | B85: Субвенція з державного бюджету місцевим бюджетам на реалізацію публічного інвестиційного проекту на облаштування безпечних умов у закладах, що надають загальну середню освіту (протипожежний захист), зокрема військових (військово-морських, військово-спортивних) ліцеях, ліцеях із посиленою військово-фізичною підготовкою | C85: =D85+E85 -> 12800000 | D85: 12800000 | G85: =D85-[1]рішення!D85 -> 12800000
A86: 41033800 | B86: Субвенція з державного бюджету місцевим бюджетам на створення навчально-практичних центрів сучасної професійної (професійно-технічної) освіти | C86: =D86+E86 -> 0 | G86: =D86-[1]рішення!D86 -> -106894900
A87: 41033900 | B87: Освітня субвенція з державного бюджету місцевим бюджетам | C87: =D87+E87 -> 9153522700 | D87: =7034114000-1471783500+15750000+3551523800 -> 9129604300 | E87: =1191400+22727000 -> 23918400 | G87: =D87-[1]рішення!D87 -> 9129604300
A88: 41034200 | B88: Медична субвенція з державного бюджету місцевим бюджетам | C88: =D88+E88 -> 0 | G88: =D88-[1]рішення!D88 -> 0
A89: 41034500 | B89: Субвенція з державного бюджету місцевим бюджетам на здійснення заходів щодо соціально-економічного розвитку окремих територій | C89: =D89+E89 -> 0 | G89: =D89-[1]рішення!D89 -> -7034114000
A90: 41034400 | B90: Субвенція з державного бюджету місцевим бюджетам на проектні, будівельно-ремонтні роботи, придбання житла та приміщень для розвитку сімейних та інших форм виховання, наближених до сімейних, підтримку малих групових будинків та забезпечення житлом дітей-сиріт, дітей, позбавлених батьківського піклування, осіб з їх числа | C90: =D90+E90 -> 2073540 | D90: =1982500+91040 -> 2073540 | G90: =D90-[1]рішення!D90 -> 2073540 | K90: `
A91: 41034600 | B91: Субвенція з державного бюджету обласним бюджетам та бюджету міста Києва на реалізацію проектів (об'єктів, заходів) комплексних планів стійкості регіонів та окремих міст | C91: =D91+E91 -> 297302130 | D91: 297302130
A92: 41035400 | B92: Субвенція з державного бюджету місцевим бюджетам на надання державної підтримки особам з особливими освітніми потребами | C92: =D92+E92 -> 18313300 | D92: 18313300 | G92: =D92-[1]рішення!D91 -> 18313300
A93: 41035800 | B93: Субвенція з державного бюджету місцевим бюджетам на забезпечення діяльності фахівців із супроводу ветеранів війни та демобілізованих осіб та окремі заходи з підтримки осіб, які захищали незалежність, суверенітет та територіальну цілісність України | C93: =D93+E93 -> 35550665 | D93: =34697800+556350+296515 -> 35550665 | G93: =D93-[1]рішення!D92 -> 33568165
A94: 41036000 | B94: Субвенція з державного бюджету місцевим бюджетам на реалізацію публічного інвестиційного проекту на забезпечення якісної, сучасної та доступної загальної середньої освіти "Нова українська школа" | C94: =D94+E94 -> 98673400 | D94: =85679500+12993900 -> 98673400 | G94: =D94-[1]рішення!D93 -> 98673400
A95: 41036100 | B95: Субвенція з державного бюджету місцевим бюджетам на виплату грошової компенсації за належні для отримання жилі приміщення для сімей осіб, визначених пунктами 2 - 5 частини першої статті 10-1 Закону України "Про статус ветеранів війни, гарантії їх соціального захисту", для осіб з інвалідністю I - II групи, яка настала внаслідок поранення, контузії, каліцтва або захворювання, одержаних під час безпосередньої участі в антитерористичній операції, забезпеченні її проведення, здійсненні заходів із забезпечення національної безпеки і оборони, відсічі і стримування збройної агресії Російської Федерації у Донецькій та Луганській областях, забезпеченні їх здійснення, у заходах, необхідних для забезпечення оборони України, захисту безпеки населення та інтересів держави у зв'язку з військовою агресією Російської Федерації проти України, визначених пунктами 11 - 14 частини другої статті 7 Закону України "Про статус ветеранів війни, гарантії їх соціального захисту", та які потребують поліпшення житлових умов | C95: =D95+E95 -> 548290403 | D95: 548290403 | G95: =D95-[1]рішення!D94 -> 548290403
A96: 41036300 | B96: Субвенція з державного бюджету місцевим бюджетам на здіснення доплат педагогічним працівникам закладів загальної середньої освіти | C96: =D96+E96 -> 645533300 | D96: 645533300 | G96: =D96-[1]рішення!D94 -> 645533300
A97: 41037500 | B97: Субвенція з державного бюджету місцевим бюджетам на реалізацію публічних інвестиційних проектів у сфері охорони здоров'я | C97: =D97+E97 -> 100000000 | D97: 100000000 | G97: =D97-[1]рішення!D95 -> 100000000
A98: 42020500 | B98: Гранти, що надійшли до місцевих бюджетів | C98: =D98+E98 -> 31200000 | E98: 31200000 | G98: =D98-[1]рішення!D96 -> 0
B99: Разом доходів | C99: =C79+C80 -> 122027648413 | D99: =D79+D80 -> 116756959338 | E99: =E79+E80 -> 5270689075 | F99: =F79+F80 -> 1917574208 | G99: =D99-[1]рішення!D107 -> 8811636638 | H99: =E99-[1]рішення!E107 -> 210462109
A100: Київський міський голова | E100: Віталій КЛИЧКО
...
